 Dungeon Crawl Stone Soup version 0.22-b1-59-g0aedee7 (webtiles) character file.

46 goulibeur the Unweaver (level 3, 0/29 HPs)
             Began as a Demonspawn Abyssal Knight on Aug 9, 2018.
             Was a Follower of Lugonu.
             Slain by a hobgoblin
             ... wielding a +0 club
             ... led by Robin
              (8 damage)
             ... on level 2 of the Dungeon.
             The game lasted 00:03:46 (1408 turns).

goulibeur the Unweaver (Demonspawn Abyssal Knight)  Turns: 1408, Time: 00:03:46

Health: 0/29       AC:  4    Str: 12    XL:     3   Next: 46%
Magic:  5/5        EV: 11    Int: 13    God:    Lugonu [*.....]
Gold:   55         SH:  0    Dex: 13    Spells: 2/2 levels left

rFire    . . .     SeeInvis .   m - +2 short sword (drain)
rCold    + . .     Gourm    .   (no shield)
rNeg     . . .     Faith    .   b - +0 leather armour
rPois    .         Spirit   .   (no helmet)
rElec    .         Reflect  .   (no cloak)
rCorr    .         Harm     .   g - +0 pair of gloves
MR       .....                  (no boots)
Stlth    ++........             (no amulet)
HPRegen  0.09/turn              h - ring of stealth
MPRegen  0.09/turn              (no ring)

@: lethally poisoned (0 -> -1)
A: cold resistance 1
a: Depart the Abyss, Renounce Religion


You were on level 2 of the Dungeon.
You worshipped Lugonu.
Lugonu was aware of your devotion.
You were hungry.

You visited 1 branch of the dungeon, and saw 2 of its levels.
You visited the Abyss 1 time.

You collected 55 gold pieces.

Inventory:

Hand Weapons
 a - a +1 short sword
 m - a +2 short sword of draining (weapon)
Armour
 b - a +0 leather armour (worn)
 g - a +0 pair of gloves (worn)
Jewellery
 h - a ring of stealth (left hand)
Scrolls
 d - a scroll of remove curse {unknown}
 e - a scroll of teleportation {unknown}
 j - a scroll of identify {unknown}
Potions
 i - a potion of brilliance {unknown}
 k - a potion of berserk rage {unknown}
 l - a potion of heal wounds {unknown}
Comestibles
 c - 2 rations


   Skills:
 + Level 3.3 Fighting
 - Level 1.7 Short Blades
 + Level 2.2 Armour
 + Level 1.5 Dodging
 * Level 3.7 Invocations


You had 2 spell levels left.
You didn't know any spells.
Your spell library was empty.

Dungeon Overview and Level Annotations

Branches:
Dungeon (2/15)

Altars:

Annotations:
D:2 Robin


Innate Abilities, Weirdness & Mutations

Your flesh is cold resistant. (rC+)


Message History

You completely miss the goblin.
The goblin is severely wounded.
The goblin barely misses you.
A goblin comes into view. It is wielding an enchanted dagger.
A goblin comes into view. It is wielding a dagger.
A goblin comes into view.
The hobgoblin barely misses you.
The goblin shouts! x2
You hit the goblin.
You kill the goblin!
Lugonu accepts your kill.
You feel sick.
The hobgoblin no longer looks unusually strong.
You hit the hobgoblin.
You kill the hobgoblin!
Lugonu accepts your kill. Robin throws the goblin at you!
* * * LOW HITPOINT WARNING * * *
You barely miss the goblin. The hobgoblin hits you with a club!
You die...

#.##.######## ......g@gg..#
##..#####l..##### ... #..#
#.......## ...## #..#
####.g.....# <.....
#..###.s...gg....
......#####..##.g#.......$.
............g.w.##.........
......#...g...l.##.........
..# ##...###.....?.........


You could see Robin, a hobgoblin, 4 goblins and a frilled lizard.

Vanquished Creatures
  An adder (D:2)
  An ooze (D:1)
  2 dart slugs
  A leopard gecko (D:1)
  4 bats (D:1)
  2 giant cockroaches
  8 goblins
  2 hobgoblins
  3 frilled lizards (D:1)
  A kobold (D:1)
  3 rats (D:1)
28 creatures vanquished.

Notes
Turn   | Place    | Note
-------+----------+-------------------------------------------
     0 | Abyss:1  | goulibeur the Demonspawn Abyssal Knight began the quest for the Orb.
     0 | Abyss:1  | Reached XP level 1. HP: 18/18 MP: 2/2
    61 | Abyss:1  | Noticed a large abomination
    63 | D:1      | Escaped the Abyss
    76 | D:1      | Reached skill level 1 in Dodging
   332 | D:1      | Gained mutation: Your flesh is cold resistant. (rC+) [demonic ancestry]
   332 | D:1      | Reached XP level 2. HP: 24/24 MP: 4/4
   500 | D:1      | Reached * piety under Lugonu
  1054 | D:1      | Reached XP level 3. HP: 2/29 MP: 5/5
  1351 | D:2      | Noticed Robin
  1408 | D:2      | Slain by a hobgoblin

Skill      XL: |  1  2 |
---------------+-------+-----
Dodging        | 1 |  1.5
Invocations    | 3 |  3.7
Armour         | 2 |  2.2
Fighting       | |  3.3
Short Blades   | |  1.7

Action                   || total
-------------------------++-------
Melee: Short sword       ||    77
Invok: Depart the Abyss  ||     1
 Stab: Sleeping          ||     5
  Eat: Chunk             ||     1
Armor: Leather armour    ||    25
Dodge: Dodged            ||    52
